AoeStats
← DerdonOhneKlarnamen

Arena

509938462Analyzed
4v4 RM · 4d ago on Sep 28, 2026· 50m 48s· 8 players
Game mode
Random Map
Map size
Large (8 player)
Population
200
Speed
Normal
Resources
Standard
Victory
Conquest
Starting age
Dark Age
Ending age
Imperial Age
RankedLock teamsTeams togetherTeam positionsShared explorationLock speedFull tech treeHidden civsTurbo modeCheats
Victory
Defeat
🇹🇷 Huns · Türkiye
687
+10
🇹🇷 Khmer · Türkiye
679
+11
🇹🇷 Spanish · Türkiye
668
+11
🇹🇷 Persians · Türkiye
628
+13
🇩🇪 Britons · Germany
639
-34
🇩🇪 Mongols · Germany
562
-11
🇩🇪 Turks · Germany
515
-10
🇩🇪 Britons · Germany
513
-10
MC0LEE
0:27 Loom
14:32 Feudal Age
17:23 Castle Age
15:09 Double-Bit Axe
15:05 Horse Collar
15:34 Stone Mining
18:20 Bow Saw
18:11 Heavy Plow
20:38 Gold Mining
22:15 Wheelbarrow
21:33 Town Watch
26:43 Stone Shaft Mining
26:48 Gold Shaft Mining
26:33 Hand Cart
27:12 Fortified Wall
27:56 Murder Holes
29:18 Ballistics
29:16 Masonry
31:51 Padded Archer Armor
31:42 Fletching
31:57 Scale Barding Armor
32:03 Forging
33:23 Leather Archer Armor
33:04 Bodkin Arrow
34:08 Town Patrol
37:11 Imperial Age
35:11 Chain Barding Armor
35:26 Iron Casting
35:08 Light Cavalry
35:58 Bloodlines
36:23 Husbandry
37:12 Coinage
39:04 Chemistry
38:36 Architecture
38:31 Conscription
38:48 Crop Rotation
38:55 Siege Engineers
38:53 Double Crossbow
39:33 Ring Archer Armor
39:04 Bracer
38:48 Hussar
40:14 Plate Barding Armor
39:28 Elite Ballista Elephant
41:50 Blast Furnace
43:02 Banking
42:32 Caravan
44:57 Tusk Swords
44:27 Sappers
45:32 Hoardings
49:23 Elite Battle Elephant
49:54 Spies/Treason
HakkıManastırlı
12:10 Feudal Age
12:56 Horse Collar
14:51 Double-Bit Axe
19:41 Castle Age
18:14 Gold Mining
18:17 Stone Mining
18:24 Stone Mining
18:36 Loom
20:06 Scale Barding Armor
21:23 Bow Saw
25:01 Wheelbarrow
28:43 Gold Shaft Mining
31:04 Hand Cart
31:16 Hand Cart
35:59 Imperial Age
34:39 Ballistics
34:24 Husbandry
34:35 Bloodlines
33:46 Light Cavalry
34:53 Chain Barding Armor
34:44 Forging
34:36 Padded Archer Armor
34:37 Scale Mail Armor
35:27 Masonry
37:51 Elite Tarkan
41:07 Plate Barding Armor
41:08 Iron Casting
40:50 Chain Mail Armor
40:50 Leather Archer Armor
40:33 Fletching
40:59 Chain Mail Armor
40:21 Hussar
40:24 Cavalier
40:27 Heavy Cavalry Archer
40:28 Elite Skirmisher
41:42 Parthian Tactics
40:44 Crossbowman
41:32 Thumb Ring
49:54 Blast Furnace
48:52 Bodkin Arrow
Rhii
11:22 Feudal Age
14:55 Castle Age
12:46 Double-Bit Axe
12:46 Horse Collar
13:26 Loom
17:04 Padded Archer Armor
18:15 Bow Saw
22:59 Leather Archer Armor
24:47 Gold Mining
24:47 Stone Mining
25:28 Heavy Plow
32:43 Imperial Age
31:18 Stone Mining
32:11 Wheelbarrow
31:54 Town Watch
33:10 Ballistics
33:02 Fortified Wall
32:54 Elite Conquistador
34:26 Hand Cart
35:55 Chemistry
36:04 Conscription
37:36 Two-Man Saw
36:17 Elite Skirmisher
37:05 Thumb Ring
37:50 Fletching
38:31 Ring Archer Armor
39:46 Stone Shaft Mining
39:14 Bodkin Arrow
39:45 Herbal Medicine
41:02 Bracer
rosaceous
11:22 Feudal Age
12:16 Horse Collar
12:28 Double-Bit Axe
13:16 Gold Mining
13:24 Stone Mining
16:19 Wheelbarrow
20:57 Castle Age
21:50 Bow Saw
22:42 Heavy Plow
25:32 Hand Cart
26:54 Gold Shaft Mining
26:55 Stone Shaft Mining
27:46 Loom
30:30 Town Watch
33:22 Imperial Age
31:29 Ballistics
32:26 Forging
32:16 Scale Mail Armor
32:22 Scale Barding Armor
32:40 Town Patrol
34:19 Iron Casting
33:35 Fletching
33:49 Padded Archer Armor
34:05 Chain Mail Armor
35:19 Chemistry
34:13 Heated Shot
34:34 Masonry
38:04 Blast Furnace
37:34 Plate Mail Armor
37:29 Chain Barding Armor
37:24 Leather Archer Armor
37:05 Bodkin Arrow
38:22 Two-Man Saw
37:58 Crop Rotation
38:01 Architecture
37:33 Murder Holes
37:23 Cavalier
38:05 Husbandry
37:28 Pikeman
38:11 Squires
38:45 Conscription
38:30 Kamandaran
38:42 Citadels
40:15 Ring Archer Armor
40:21 Plate Barding Armor
39:24 Halberdier
40:21 Savar
41:24 Elite Skirmisher
41:26 Crossbowman
42:15 Thumb Ring
42:08 Elite War Elephant
44:45 Hoardings
43:52 Light Cavalry
44:51 Bloodlines
45:30 Hussar
Келлог
12:36 Feudal Age
13:12 Horse Collar
13:20 Double-Bit Axe
16:43 Stone Mining
16:44 Gold Mining
20:47 Wheelbarrow
23:12 Castle Age
24:53 Gold Shaft Mining
24:33 Bow Saw
24:47 Caravan
25:18 Coinage
24:55 Heavy Plow
25:34 Bow Saw
26:40 Yeomen
27:50 Ballistics
27:34 Padded Archer Armor
27:25 Fletching
28:53 Bodkin Arrow
29:13 Leather Archer Armor
36:47 Imperial Age
34:32 Hand Cart
36:57 Hand Cart
38:30 Chemistry
38:04 Ring Archer Armor
38:02 Bracer
42:31 Two-Man Saw
45:29 Masonry
45:11 Elite Longbowman
DerdonOhneKlarnamen
10:15 Feudal Age
11:36 Wheelbarrow
11:18 Double-Bit Axe
13:00 Stone Mining
16:47 Gold Mining
17:11 Horse Collar
21:21 Castle Age
23:32 Bow Saw
32:03 Heavy Plow
34:40 Gold Shaft Mining
36:52 Fletching
37:03 Padded Archer Armor
39:15 Hand Cart
40:32 Leather Archer Armor
41:04 Sanctity
44:55 Bodkin Arrow
drache
12:34 Feudal Age
14:01 Double-Bit Axe
14:06 Horse Collar
17:02 Castle Age
18:22 Heavy Plow
20:51 Gold Mining
20:52 Stone Mining
21:00 Stone Mining
21:58 Bow Saw
29:36 Gold Shaft Mining
29:19 Fletching
29:34 Padded Archer Armor
33:43 Imperial Age
35:58 Bodkin Arrow
36:19 Leather Archer Armor
36:45 Ballistics
37:26 Chemistry
36:34 Elite Longbowman
38:54 Two-Man Saw
38:28 Ring Archer Armor
38:03 Bracer
40:50 Forging
40:41 Scale Mail Armor
41:28 Pikeman
47:26 Pikeman
ArtizSavage
15:07 Feudal Age
16:26 Wheelbarrow
16:11 Horse Collar
16:32 Gold Mining
16:35 Stone Mining
19:43 Double-Bit Axe
19:52 Gold Mining
25:35 Castle Age
25:43 Forging
25:25 Fletching
25:35 Padded Archer Armor
26:57 Bloodlines
26:49 Light Cavalry
27:30 Husbandry
27:49 Hand Cart
27:37 Heavy Plow
27:49 Bow Saw
28:16 Gold Shaft Mining
30:10 Thumb Ring
33:24 Ballistics
33:58 Bodkin Arrow
34:20 Leather Archer Armor
38:54 Imperial Age
39:34 Forging
39:30 Scale Barding Armor
41:17 Iron Casting
46:44 Elite Mangudai
Connection lost

Rejoining the realm…

Still unreachable

The connection could not be restored.

Session expired

The server has moved on; the page needs a fresh start.